 Dungeon Crawl Stone Soup version 0.32-a0-18-g89e19f1974 (webtiles) character file.

Game seed: 4326157777703996444

24 bobarctor the Ruffian (level 2, 28/28 HPs)
             Began as a Troll Gladiator on Jan 16, 2024.
             Got out of the dungeon alive.
             The game lasted 00:02:22 (703 turns).

bobarctor the Ruffian (Troll Gladiator)              Turns: 703, Time: 00:02:22

Health: 28/28      AC:  4    Str: 21    XL:     2   Next: 79%
Magic:  1/1        EV: 10    Int:  4    God:
Gold:   35         SH:  0    Dex: 11    Spells: 1/1 levels left

rFire   . .          .
                       - Unarmed
rCold   . . .        (no shield)
rNeg    . . .        a - +0 robe
rPois   .            b - +0 hat
rElec   .            (no cloak)
rCorr   .            (gloves unavailable)
SInv    .            (boots unavailable)
Will    .....        (no amulet)
Stlth   +            (no ring)
HPRegen 1.04/turn    (no ring)
MPRegen 0.07/turn

%: no passive effects
@: no status effects
A: large, unfitting armour, claws 3, regeneration 1, shaggy fur 1, tough skin 1
a: no special abilities


You escaped.
You visited 1 branch of the dungeon, and saw 2 of its levels.

You collected 35 gold pieces.

Inventory:

Missiles
 c - 3 throwing nets (quivered)
 d - a large rock
Armour
 a - a +0 robe (worn)
 b - a +0 hat (worn)
Scrolls
 e - a scroll of identify {unknown}
 h - a scroll of poison {unknown}
Potions
 f - 2 potions of attraction {unknown}
 g - 2 potions of brilliance {unknown}
 i - a potion of curing {unknown}


   Skills:
 + Level 1.8 Fighting
 + Level 2.1 Throwing
 + Level 2.6 Dodging
 * Level 3.4 Unarmed Combat


You had one spell level left.
You didn't know any spells.
Your spell library was empty.

Dungeon Overview and Level Annotations

Branches:
Dungeon (2/15)

Altars:


Innate Abilities, Weirdness & Mutations

You are too large for most types of armour.
You have claws for hands.
Your natural rate of healing is unusually fast.
You are covered in fur. (AC +1)
You have tough skin. (AC +1)


Message History

You kill the ball python!
You now have 35 gold pieces (gained 12).
You see here a giant cockroach corpse.
There is an open door here.
An endoplasm comes into view.
An endoplasm is nearby!
The endoplasm quivers.
You scratch the endoplasm.
The endoplasm is heavily wounded.
The endoplasm freezes you.
You are frozen.
You scratch the endoplasm.
You kill the endoplasm!
Found a stone staircase leading down.
You open the door.
There is an open door here.
There is an open door here.
You open the door.
There is an open door here.
Things that are here:
a +0 dagger; a +2 dagger of protection; a ball python skeleton You see here a +0 dagger.
Done exploring.
Done exploring.
There is a stone staircase leading down here.
You climb downwards.
The jackal barks! x2
There is a stone staircase leading up here.
There is a stone staircase leading up here.
The jackal barely misses you. x2
You climb upwards.
There is a stone staircase leading down here.
You barely miss the jackal. The jackal bites you.
You barely miss the jackal. The jackal closely misses you.
The jackal barely misses you.
You claw the jackal!
You kill the jackal!
You see here a jackal corpse.
There is a staircase leading out of the dungeon here.
You have escaped!

...##.###.# #.....# ##.##.# #.#
#.....####
>#.##.###.##############........#
.#.#....................#...###.#
.#.#......#############.....###+#
.#.##...###...........###....#...
.#....###...###...###...####.#...
.##..##...####.....####...##.....
.#..##..#####...@...#####..##...#
...##..## ##.........## ##†.###..
.###..## ##...........## ##..##..
.##..## ##......#......## ##..###
##..## ##......###......## ##..#
##.## ##......## ##......## ##.##
#..# ##......## ##......## #..#
#.####......## ##......####.#
#..........## ##.......)...


There were no monsters in sight!

Vanquished Creatures
  5 ball pythons (D:1)
  3 bats (D:1)
  2 endoplasms (D:1)
  2 giant cockroaches (D:1)
  2 goblins (D:1)
  A jackal (D:1)
  4 kobolds (D:1)
  3 frilled lizards (D:1)
  A rat (D:1)
23 creatures vanquished.

Notes
Turn   | Place    | Note
-------+----------+-------------------------------------------
     0 | D:1      | bobarctor the Troll Gladiator began the quest for the Orb.
     0 | D:1      | Reached XP level 1. HP: 19/19 MP: 0/0
   107 | D:1      | Reached XP level 2. HP: 28/28 MP: 1/1
   703 | D:$      | Got out of the dungeon alive.

Illustrated notes

Levels and vault maps discovered:
D:1:      dpeg_arrival_central, layout_basic
D:2:      layout_loops_cross, hellmonk_ecumenical_altar_pennies_from_heaven

Skill      XL: |  1  2 |
---------------+-------+-----
Throwing       | 2 |  2.1
Fighting       | |  1.8
Dodging        | |  2.6
Unarmed Combat | |  3.4

Action                     || total
---------------------------++-------
  Melee: Unarmed           ||    52
         Punch             ||     2
 Armour: Robe              ||    36
  Dodge: Dodged            ||    30

Table legend: (Time is in decaauts)
 A = Elapsed time spent in this place.
 B = Non-inter-level travel time spent in this place.
 C = Inter-level travel time spent in this place.
 D = Time resting spent in this place.
 E = Time spent auto-exploring this place.
 F = Levels seen in this place.
 G = Mean time per level.
                   A        B        C        D        E       F      G
               +--------+--------+--------+--------+--------+-----+--------+
         Total |    700 |    678 |     22 |      0 |    513 |   2 |  350.0 |
       Dungeon |    700 |    678 |     22 |      0 |    513 |   2 |  350.0 |
               +--------+--------+--------+--------+--------+-----+--------+

Top non-repeatable levels by time:
     D:1: 697 daAuts
     D:2: 3 daAuts
